 Dungeon Crawl Stone Soup version 0.29.1-1-gd02db6906a (webtiles) character file.

Game seed: 6476322077780099677

398 tardwrangler69 the Digger (level 6, -5/36 HPs)
             Began as an Octopode Earth Elementalist on Oct 5, 2022.
             Slain by an iguana (11 damage)
             ... on level 4 of the Dungeon.
             The game lasted 00:02:54 (3638 turns).

tardwrangler69 the Digger (OpEE)                    Turns: 3638, Time: 00:02:54

Health: -5/36      AC:  1    Str:  8    XL:     6   Next: 83%
Magic:  8/13       EV: 13    Int: 19    God:
Gold:   169        SH:  0    Dex: 12    Spells: 13/14 levels left

rFire   . . .      SeeInvis .   (no weapon)
rCold   . . .      Faith    .   (no shield)
rNeg    . . .      Spirit   .   (helmet restricted)
rPois   .          Reflect  .   (no amulet)
rElec   .          Harm     .   (no ring)
rCorr   .          Rampage  .   (no ring)
Will    .....                   (no ring)
Stlth   +++.......              (no ring)
HPRegen 0.12/turn               (no ring)
MPRegen 0.13/turn               (no ring)
                                (no ring)
                                (no ring)

@: no status effects
A: almost no armour, amphibious, 8 rings, camouflage 1, gelatinous body 1,
(nimble swimmer 1), tentacles
a: no special abilities


You were on level 4 of the Dungeon.
You visited 1 branch of the dungeon, and saw 4 of its levels.

You collected 169 gold pieces.

Inventory:

Armour
 t - a +0 buckler
Jewellery
 q - an amulet of the acrobat
Wands
 k - a wand of polymorph (7)
 n - a wand of digging (2)
Scrolls
 b - a scroll of immolation {unknown}
 c - 4 scrolls of identify
 d - 2 scrolls of enchant armour {unknown}
 l - a scroll of teleportation {unknown}
 m - a scroll of amnesia {unknown}
 p - a scroll of fear {unknown}
 r - a scroll of silence {unknown}
 s - a scroll of brand weapon {unknown}
Potions
 a - a potion of magic
 e - 2 potions of heal wounds {unknown}
 f - 2 potions of might {unknown}
 g - 2 potions of curing {unknown}
 h - a potion of resistance {unknown}
 i - a potion of lignification {unknown}
 j - a potion of invisibility {unknown}
 o - a potion of flight {unknown}


   Skills:
 - Level 2.0 Dodging
 - Level 2.6 Stealth
 + Level 4.7 Spellcasting
 - Level 1.0 Transmutations
 + Level 5.6 Earth Magic


You had 13 spell levels left.
You knew the following spells:

 Your Spells              Type           Power      Damage    Failure   Level
a - Sandblast             Erth           52%        2d12      1%          1

Your spell library contained the following spells:

 Spells                   Type           Power      Damage    Failure   Level
 Passwall                 Tmut/Erth      14%        N/A       4%          2
 Stone Arrow              Conj/Erth      30%        3d8       12%         3
 Necrotise                Necr           16%        1d4       13%         1
 Petrify                  Tmut/Erth      17%        N/A       32%         4
 Vampiric Draining        Necr           4%         2d6       36%         3
 Agony                    Necr           4%         N/A       98%         5


Dungeon Overview and Level Annotations

Branches:
Dungeon (4/15)
 Temple: D:4-7

Altars:


Innate Abilities, Weirdness & Mutations

You cannot wear most types of armour.
You are amphibious.
You can wear up to eight rings at the same time.
Your skin changes colour to match your surroundings (Stealth+).
Your rubbery body absorbs attacks. (AC +1, EV +1)
((You are camouflaged when in or above water. (Stealth+)))
You have tentacles for arms and can constrict up to eight enemies at once.


Message History

The blast of sand misses the ufetubus.
The ufetubus misses you. The ufetubus hits you. The shadow imp hits you.
* * * LOW HITPOINT WARNING * * *
The ufetubus hits you.
* * * LOW HITPOINT WARNING * * *
The ufetubus barely misses you. The shadow imp hits you.
* * * LOW HITPOINT WARNING * * *
Casting: Sandblast (safe; 1% risk of failure)
Confirm with . or Enter, or press ? or * to list all spells.
Aiming: Sandblast (safe; 1% risk of failure)
Press: ? - help, Shift-Dir - straight line, f/p - ufetubus
Aim: an ufetubus (72% to hit)
The blast of sand hits the ufetubus!
You kill the ufetubus!
You hear the slow rusting of a drain nearby.
The shadow imp barely misses you.
Casting: Sandblast (safe; 1% risk of failure)
Confirm with . or Enter, or press ? or * to list all spells.
Aiming: Sandblast (safe; 1% risk of failure)
Press: ? - help, Shift-Dir - straight line, f - shadow imp
Aim: a shadow imp (severely wounded, 81% to hit)
The blast of sand hits the shadow imp!
You kill the shadow imp!
An iguana comes into view.
Casting: Sandblast (safe; 1% risk of failure)
Confirm with . or Enter, or press ? or * to list all spells.
Aiming: Sandblast (safe; 1% risk of failure)
Press: ? - help, Shift-Dir - straight line, f - iguana
Aim: an iguana (wandering, hasn't noticed you, 85% to hit)
The blast of sand hits the iguana but does no damage.
The iguana hisses angrily.
Casting: Sandblast (safe; 1% risk of failure)
Confirm with . or Enter, or press ? or * to list all spells.
Aiming: Sandblast (safe; 1% risk of failure)
Press: ? - help, Shift-Dir - straight line, f/p - iguana
Aim: an iguana (85% to hit)
The blast of sand hits the iguana.
The iguana is lightly wounded.
The iguana bites you!
You die...

. .# .~ ###. .
♣P...# . P.♣.#
#. ###♣....# .
#.##......#
...#..l@######
........#
###....<#
#......#
#..#...>#
#.#....##
.....## .##.#
..


You could see an iguana.

Vanquished Creatures
  Sigmund (D:3)
  A scorpion (D:3)
  Jessica (D:3)
  Natasha (D:2)
  3 adders
  A shadow imp (D:4)
  2 ufetubi (D:4)
  2 worms (D:2)
  7 dart slugs
  2 orcs (D:3)
  3 bats
  3 endoplasms
  2 goblins
  6 hobgoblins
  3 kobolds
  3 quokkas
  6 ball pythons
  10 frilled lizards
  9 rats
66 creatures vanquished.

Vanquished Creatures (others)
  A demonic plant (D:4)
1 creature vanquished.

Grand Total: 67 creatures vanquished

Notes
Turn   | Place    | Note
-------+----------+-------------------------------------------
     0 | D:1      | tardwrangler69 the Octopode Earth Elementalist began the
                  | quest for the Orb.
     0 | D:1      | Reached XP level 1. HP: 11/11 MP: 3/3
   270 | D:1      | Reached XP level 2. HP: 17/17 MP: 3/5
  1136 | D:2      | Noticed Natasha
  1140 | D:2      | Reached XP level 3. HP: 13/21 MP: 3/6
  1141 | D:2      | Killed Natasha
  1475 | D:2      | Reached skill level 4 in Earth Magic
  1475 | D:2      | Reached XP level 4. HP: 20/27 MP: 5/8
  2481 | D:3      | Noticed a scorpion
  2487 | D:3      | Killed a scorpion
  2488 | D:3      | Reached XP level 5. HP: 31/31 MP: 6/10
  2690 | D:3      | Noticed Sigmund
  2702 | D:3      | Killed Sigmund
  2703 | D:3      | Reached skill level 5 in Earth Magic
  2703 | D:3      | Reached XP level 6. HP: 7/36 MP: 5/12
  3208 | D:3      | Noticed Jessica
  3213 | D:3      | Killed Jessica
  3495 | D:3      | Found a faded altar of an unknown god.
  3638 | D:4      | Slain by an iguana

Illustrated notes

Levels and vault maps discovered:
D:1:      dpeg_chamrin_arrival_tetris, layout_basic, feat_on_display
D:2:      minmay_alternating_diamond, layout_loops_ring,
          nicolae_kite_square_tiling_tiny, minmay_pentomino_pile, uniq_natasha
D:3:      layout_basic, hellmonk_ecumenical_altar_inner_sanctum,
          kennysheep_jessica_study, uniq_jessica, uniq_sigmund
D:4:      layout_rooms, grunt_gozag_breadcrumbs, lightli_sewer_entry_pipes,
          serial_demonic, serial_demonic_d, serial_demonic_c, serial_demonic_b,
          serial_demonic_f, uniq_duvessa

Skill      XL: |  1  2  3  4  5 |
---------------+----------------+-----
Spellcasting   | 3 4 |  4.7
Earth Magic    | 4 5 |  5.6
Dodging        | |  2.0
Stealth        | |  2.6
Transmutations | |  1.0

Action                   |  1- 3 |  4- 6 || total
-------------------------+-------+-------++-------
Melee: Unarmed           |     1 |     5 ||     6
       Constrict         |     1 |     2 ||     3
       Tentacles         |       |     1 ||     1
 Cast: Sandblast         |    33 |    64 ||    97
  Use: Scroll            |     2 |       ||     2
Armor: Skin              |     1 |     3 ||     4
Dodge: Dodged            |     7 |    27 ||    34
